 Dungeon Crawl Stone Soup version 0.17.1-1-g73c8601 (webtiles) character file.

35 Opium the Caller (level 3, 0/28 HPs)
             Began as a Hill Orc Summoner on Jan 7, 2016.
             Slain by an adder (4 damage)
             ... on level 2 of the Dungeon.
             The game lasted 00:05:37 (1612 turns).

Opium the Caller (Hill Orc Summoner)                Turns: 1612, Time: 00:05:37

Health: 0/28       AC:  2    Str: 10    XL:     3   Next: 33%
Magic:  3/5        EV: 12    Int: 16    God:
Gold:   82         SH:  0    Dex: 11    Spells: 2 memorised, 2 levels left

rFire  . . .     SeeInvis .     h - +1 short sword (venom)
rCold  . . .     Clarity  .     a - +0 robe
rNeg   . . .     SustAt   .     (no shield)
rPois  .         Gourm    .     (no helmet)
rElec  .         Spirit   .     (no cloak)
rCorr  .         Warding  .     (no gloves)
rMut   .         Stasis   .     (no boots)
MR     .....                    (no amulet)
Stlth  ++........               (no ring)
                                (no ring)

@: lethally poisoned (0 -> -5), not resistant to hostile enchantments,
unstealthy
A: no striking features
a: no special abilities


You were on level 2 of the Dungeon.
You were not hungry.

You visited 1 branch of the dungeon, and saw 2 of its levels.

You collected 82 gold pieces.

Inventory:

Hand Weapons
 e - a +0 spear
 h - a +1 short sword of venom (weapon)
Missiles
 j - 2 javelins (quivered)
Armour
 a - a +0 robe (worn)
Jewellery
 l - a +2 ring of intelligence {unknown}
 m - an uncursed ring of flight {unknown}
Scrolls
 g - 2 scrolls of recharging {unknown}
Potions
 d - a potion of curing {unknown}
 f - a potion of flight {unknown}
 k - a potion of heal wounds {unknown}
Books
 b - a book of Callings

   Spells                             Type                      Level
   a - Summon Small Mammal            Summoning                    1
   b - Call Imp                       Summoning                    2
   c - Call Canine Familiar           Summoning                    3
   d - Summon Guardian Golem          Hexes/Summoning              3
   e - Summon Lightning Spire         Summoning/Air                4
   f - Summon Ice Beast               Ice/Summoning                4
Comestibles
 c - a bread ration


   Skills:
 * Level 1.4 Fighting
 * Level 1.2 Armour
 * Level 1.7 Dodging
 + Level 1.9 Stealth
 - Level 0.4 Unarmed Combat
 * Level 1.7 Spellcasting
 + Level 4.1 Summonings


You had 2 spell levels left.
You knew the following spells:

 Your Spells              Type           Power        Failure   Level  Hunger
a - Summon Small Mammal   Summ           ##..         4%          1    ##.....
b - Call Imp              Summ           ##......     8%          2    ###....


Dungeon Overview and Level Annotations

Branches:
Dungeon (2/15)

Altars:


Message History

The adder bites your quokka.
Your quokka bites the adder.
The adder completely misses your quokka.
You feel sick.
Your quokka barely misses the adder.
The adder bites your quokka.
Your quokka is poisoned.
The adder poisons your quokka!
Your quokka dies!
Your quokka's corpse disappears in a puff of smoke!
Casting: Summon Small Mammal
Confirm with . or Enter, or press ? or * to list all spells.
The adder bites you.
* * * LOW HITPOINT WARNING * * *
Your quokka closely misses the adder.
You feel sick.
Your quokka barely misses the adder.
You swap places.
The adder bites you.
* * * LOW HITPOINT WARNING * * *
You are lethally poisoned!
The adder poisons you!
Your quokka barely misses the adder.
The adder bites you.
You die...

..#.##..##.#......####..#
# #..###.#...........#
...##>................##
...........####..........
.######.##.# #.#>#####.
#.##.# #.#.# #.##.# #.#.#
#.##.# #.#r#####...
#.##.# #.@S......#
#.##.######.#.##### #.
....# #.#.# .
###.####.#.# ...
#......#.#
#...###.####.#.#
........####.#.#
#........†...#.#
#.#####.######


You could see an adder and a friendly quokka.

Vanquished Creatures
  2 adders (D:2)
  2 bats (D:1)
  A giant cockroach (D:1)
  2 goblins (D:1)
  A hobgoblin (D:1)
  5 ball pythons
  2 giant newts (D:1)
  4 rats
19 creatures vanquished.

Vanquished Creatures (collateral kills)
  A bat (D:2)
1 creature vanquished.

Grand Total: 20 creatures vanquished

Notes
Turn   | Place    | Note
--------------------------------------------------------------
     0 | D:1      | Opium the Hill Orc Summoner began the quest for the Orb.
     0 | D:1      | Reached XP level 1. HP: 14/14 MP: 3/3
   400 | D:1      | Reached XP level 2. HP: 4/22 MP: 0/4
   653 | D:1      | Learned a level 2 spell: Call Imp
  1050 | D:1      | Reached skill level 1 in Armour
  1317 | D:2      | Reached skill level 1 in Fighting
  1351 | D:2      | Reached XP level 3. HP: 12/28 MP: 5/5
  1612 | D:2      | Slain by an adder

Action                   || total
-------------------------++-------
Melee: Spear             ||    26
       Unarmed           ||     2
       Short sword       ||    45
 Cast: Summon Small Mamm ||    12
 Stab: Distracted        ||     1
       Sleeping          ||     1
  Eat: Chunk             ||     2
